 Dungeon Crawl Stone Soup version 0.24.0-125-gc4c63601f3 (webtiles) character file.

Game seed: 18189455190501873489, levelgen mode: deterministic

6018 NiceKill the Nimble (level 10, -5/46 HPs)
             Began as a Felid Conjurer on Feb 16, 2020.
             Was an Elder of Sif Muna.
             Slain by a death yak (25 damage)
             ... while paralysed by Rupert
             ... on level 3 of the Lair of Beasts.
             The game lasted 01:10:31 (26826 turns).

NiceKill the Nimble (Felid Conjurer)               Turns: 26826, Time: 01:10:31

Health: -5/46      AC:  2    Str:  4    XL:     10   Next: 56%
Magic:  6/21       EV:  4    Int: 19    God:    Sif Muna [****..]
Gold:   657        SH:  0    Dex: 18    Spells: 6/23 levels left
                                        Lives:  0   Deaths: 2

rFire    . . .     SeeInvis +   (weapon unavailable)
rCold    . . .     Gourm    .   (shield unavailable)
rNeg     + . .     Faith    .   (armour unavailable)
rPois    +         Spirit   .   (helmet unavailable)
rElec    .         Reflect  .   (cloak unavailable)
rCorr    .         Harm     .   (gloves unavailable)
MR       +....                  (boots unavailable)
Stlth    ++++......             (no amulet)
HPRegen  0.15/turn              e - ring of positive energy
MPRegen  0.17/turn              v - ring of poison resistance

@: paralysed, quick
A: very small, no armour, no weapons or thrown items, stealth, claws 1, fangs 3,
see invisible, carnivore, speed 1, shaggy fur 2, slow metabolism 1, sharp paws
a: Channel Magic, Forget Spell, Divine Exegesis, Renounce Religion


You were on level 3 of the Lair of Beasts.
You worshipped Sif Muna.
Sif Muna was greatly pleased with you.
You were not hungry.

You visited 3 branches of the dungeon, and saw 15 of its levels.

You collected 1136 gold pieces.
You spent 479 gold pieces at shops.

Inventory:

Missiles
 a - 545 stones
Jewellery
 e - a ring of positive energy (left paw)
 v - a ring of poison resistance (right paw)
 y - an uncursed ring of positive energy
Wands
 d - a wand of flame (47)
 j - a wand of enslavement (15)
 l - a wand of random effects (23)
 q - a wand of acid (6)
Scrolls
 g - 4 scrolls of teleportation
 k - 2 scrolls of remove curse
 n - a scroll of immolation {unknown}
 s - 4 scrolls of fear
 w - 3 scrolls of identify
 x - 2 scrolls of amnesia
Potions
 c - a potion of haste
 f - a potion of invisibility
 h - 2 potions of brilliance {unknown}
 i - 3 potions of magic
 m - 3 potions of mutation
 o - a potion of heal wounds
 p - 3 potions of flight
 r - 2 potions of ambrosia {unknown}
 t - 2 potions of agility {unknown}
 z - a potion of resistance {unknown}
 A - a potion of berserk rage {unknown}
Comestibles
 b - 24 rations


   Skills:
 - Level 6.3 Fighting
 + Level 10.9 Dodging
 - Level 8.0 Stealth
 + Level 7.0 Spellcasting
 - Level 8.0 Conjurations
 - Level 10.0 Hexes
 + Level 6.0 Summonings
 + Level 5.4 Air Magic
 + Level 5.0 Invocations
 - Level 5.4 Evocations


You had 6 spell levels left.
You knew the following spells:

 Your Spells              Type           Power        Failure   Level  Hunger
a - Magic Dart            Conj           ####         1%          1    None
b - Searing Ray           Conj           #####.       1%          2    None
c - Dazzling Spray        Conj/Hex       #####.       1%          3    #......
d - Fulminant Prism       Conj/Hex       #####.....   2%          4    ###....
e - Confuse               Hex            #####...     1%          3    #......
f - Summon Lightning Spi  Summ/Air       ####....     10%         4    ###....

Your spell library contained the following spells:

 Spells                   Type           Power        Failure   Level  Hunger
 Corona                   Hex            #####..      1%          1    None
 Summon Small Mammal      Summ           ####         1%          1    None
 Call Imp                 Summ           ####....     1%          2    None
 Ensorcelled Hibernation  Hex/Ice        ####..       1%          2    None
 Summon Guardian Golem    Hex/Summ       #####...     1%          3    #......
 Tukima's Dance           Hex            #####...     1%          3    #......
 Call Canine Familiar     Summ           ####....     2%          3    #......
 Iskenderun's Mystic Bla  Conj           #####...     3%          4    ###....
 Poisonous Vapours        Pois/Air       ###...       4%          2    None
 Infusion                 Chrm           #...         10%         1    None
 Shroud of Golubria       Chrm/Tloc      #.....       16%         2    None
 Force Lance              Conj/Tloc      ###.....     19%         4    ###....
 Summon Ice Beast         Ice/Summ       ###.....     28%         4    ###....
 Deflect Missiles         Chrm/Air       ###.......   99%         6    ######.
 Tornado                  Air            ####......   100%        9    #######


Dungeon Overview and Level Annotations

Branches:
Dungeon (11/15)            Temple (1/1) D:7            Lair (3/6) D:8
  Snake (0/4) Lair:3
  Swamp: Lair:2-4    Shoals: Lair:2-4       Orc: D:9-12

Altars:
Ashenzari
Cheibriados
Dithmenos
Elyvilon
Fedhas
Gozag
Hepliaklqana
Kikubaaqudgha
Makhleb
Nemelex Xobeh
Okawaru
Qazlal
Ru
Sif Muna
Trog
Uskayaw
Vehumet
Wu Jian
Xom
Yredelemnul
Zin
The Shining One
Beogh

Shops:
D:4 (   D:6 (   D:8 *?=:(   D:10 *

Annotations:
D:6 exclusion: centaur
Lair:3 exclusion: oklob plant, Rupert


Innate Abilities, Weirdness & Mutations

You cannot wear armour.
You are incapable of wielding weapons or throwing items.
Your paws allow you to move quietly. (Stealth)
You have sharp claws.
You have razor-sharp teeth.
You have supernaturally acute eyesight. (SInv)
You are carnivorous and can eat meat at any time.
You cover ground quickly.
You are covered in thick fur. (AC +2)
You have a slow metabolism.
Your sharp claws are effective at attacking unaware monsters.


Message History

The death yak bellows!
A fulminant prism comes into view.
Your fulminant prism crackles loudly.
Rupert roars wildly at you.
You suddenly lose the ability to move!
Your fulminant prism explodes!
The blast of energy engulfs Rupert!
Rupert is heavily wounded.
The blast of energy engulfs you!
The blast of energy engulfs the fungus!!
The fungus is heavily damaged.
Rupert roars wildly at you.
You shrug off the repeated paralysis!
The death yak gores you. Rupert roars wildly at you.
You resist with significant effort. The death yak gores you!
* * * LOW HITPOINT WARNING * * *
The death yak gores you!!
Ouch! That really hurt!
You die...

#### ##.........#
##..##..## ##
##....#...### ###......#
.#####...#.#.###
###....<...#
..##....######
#..>....#### ........[##
##.....## ..........######
#......#
..........<.##P####.....##
................#....[...#
#
#...........##@.@Y.......#
#
#............####.#....#.#
# ##...........#
#..####.## #.
#......####P# ##.P# ### ##
##...### ## #..## # ##..##
##..# #....# #..### #...##
##.#.###### #P..##
#...##.P.#####


You could see Rupert and a death yak.

Vanquished Creatures
  Gastronok (D:8)
  Harold (D:8)
  Erica (D:10)
  3 death yaks
  Pikel (D:6)
  Maurice (D:10)
  A black mamba (Lair:2)
  4 spiny frogs (Lair:1)
  A komodo dragon (Lair:3)
  A jumping spider (shapeshifter) (D:8)
  A hornet (D:7)
  A polar bear (Lair:2)
  4 blink frogs
  4 hippogriffs
  3 spriggans (Lair:1)
  Sigmund (D:5)
  A basilisk (Lair:1)
  Grum (D:10)
  Menkaure (D:6)
  Edmund (D:5)
  A naga (Lair:3)
  6 porcupines
  7 water moccasins
  11 orc warriors
  A phantom (D:8)
  A black bear (D:8)
  2 ice beasts (D:10)
  7 ogres
  3 sky beasts
  3 wolves
  3 centaurs
  8 crocodiles
  2 big kobolds
  12 bullfrogs
  A water moccasin zombie (D:6)
  A scorpion (D:5)
  A water moccasin skeleton (D:10)
  3 killer bees (D:8)
  9 howler monkeys
  7 wights (D:10)
  4 crimson imps
  3 hounds
  A quasit (D:10)
  6 orc priests
  12 orc wizards
  3 centaur skeletons
  A gnoll shaman (D:8)
  5 jellies
  Terence (D:2)
  2 iguanas
  9 worker ants
  A howler monkey zombie (D:6)
  22 gnolls
  10 adders
  A shadow imp (D:5)
  2 oozes
  An adder skeleton (D:4)
  4 worms
  2 dart slugs
  5 leopard geckos
  58 orcs
  3 ball pythons
  16 bats
  7 giant cockroaches
  10 goblins
  5 hobgoblins
  19 jackals
  5 quokkas
  7 frilled lizards
  22 kobolds
  7 rats
  A fulminant prism (D:9)
  A fungus (Lair:3)
378 creatures vanquished.

Vanquished Creatures (others)
  An ice beast (D:6)
  A slave (D:6)
  A bush (Lair:3)
  179 fulminant prisms
  A fungus (Lair:1)
  5 plants
188 creatures vanquished.

Grand Total: 566 creatures vanquished

Notes
Turn   | Place    | Note
-------+----------+-------------------------------------------
     0 | D:1      | NiceKill the Felid Conjurer began the quest for the Orb.
     0 | D:1      | Reached XP level 1. HP: 7/7 MP: 4/4
   179 | D:1      | Reached XP level 2. HP: 11/11 MP: 0/6
   386 | D:1      | Learned a level 2 spell: Searing Ray
   764 | D:1      | Reached XP level 3. HP: 14/14 MP: 2/7
   811 | D:1      | Learned a level 3 spell: Dazzling Spray
  1729 | D:2      | Reached skill level 1 in Hexes
  2046 | D:2      | Reached XP level 4. HP: 9/18 MP: 0/9
  2281 | D:2      | Noticed Terence
  3023 | D:2      | Killed Terence
  3211 | D:2      | Reached XP level 5. HP: 21/21 MP: 6/10
  3929 | D:3      | Learned a level 4 spell: Fulminant Prism
  5451 | D:4      | Gained mutation: You are covered in thick fur. (AC +2)
                  | [Felid growth]
  5451 | D:4      | Reached XP level 6. HP: 24/24 MP: 0/12
  5638 | D:4      | Reached skill level 5 in Stealth
  5754 | D:4      | Found Wivinaus's Weapon Shop.
  6720 | D:4      | Reached XP level 7. HP: 27/27 MP: 4/13
  6720 | D:4      | Reached skill level 5 in Dodging
  6720 | D:4      | Reached skill level 5 in Conjurations
  7018 | D:5      | Entered Level 5 of the Dungeon
  7025 | D:5      | Reached skill level 1 in Fighting
  7750 | D:5      | Reached skill level 5 in Hexes
  7763 | D:5      | Noticed Edmund
  7777 | D:5      | Killed Edmund
  7903 | D:5      | Reached XP level 8. HP: 33/33 MP: 3/15
  8286 | D:5      | Noticed Sigmund
  8297 | D:5      | Killed Sigmund
  8719 | D:6      | Found a glowing golden altar of the Shining One.
  8738 | D:6      | Found a sparkling altar of Nemelex Xobeh.
  8885 | D:6      | Reached skill level 5 in Spellcasting
  9251 | D:6      | Noticed Pikel
  9346 | D:6      | Killed Pikel
  9346 | D:6      | Reached XP level 9. HP: 39/39 MP: 9/17
  9756 | D:6      | Noticed Menkaure
  9764 | D:6      | Killed Menkaure
 10484 | D:6      | Found Gucinax's Antique Weapon Shoppe.
 11019 | D:7      | Identified the Collected Works on Assistive Air
 11025 | D:7      | Reached skill level 1 in Evocations
 11298 | D:7      | Reached skill level 5 in Fighting
 11464 | D:7      | Found a staircase to the Ecumenical Temple.
 11500 | D:7      | Learned a level 3 spell: Confuse
 11724 | D:7      | Found an opulent altar of Gozag.
 12066 | Temple   | Entered the Ecumenical Temple
 12253 | Temple   | Became a worshipper of Sif Muna the Loreminder
 12527 | D:8      | Noticed Gastronok
 12725 | D:8      | Found a staircase to the Lair.
 12757 | D:8      | Found Utaur's Weapon Emporium.
 13125 | D:8      | Killed Gastronok
 13125 | D:8      | Reached XP level 10. HP: 45/45 MP: 2/18
 13234 | D:8      | Found Luibil's Book Boutique.
 13335 | D:8      | Bought a book of Callings for 390 gold pieces
 13340 | D:8      | Learned a level 4 spell: Summon Lightning Spire
 13350 | D:8      | Found a blossoming altar of Fedhas.
 13713 | D:8      | Found Vaggem's General Store.
 13761 | D:8      | Found Meshrio's Jewellery Emporium.
 13848 | D:8      | Found Vuackuss's Magic Scroll Boutique.
 13854 | D:8      | Noticed Harold
 14108 | D:8      | Found a snail-covered altar of Cheibriados.
 14308 | D:8      | Killed Harold
 14308 | D:8      | Reached * piety under Sif Muna
 14441 | D:8      | Bought a scroll of fear for 38 gold pieces
 14564 | D:8      | Found a blossoming altar of Fedhas.
 14600 | D:8      | Found Vaggem's General Store.
 14735 | D:8      | Found Luibil's Book Boutique.
 14793 | D:8      | Found a staircase to the Lair.
 14821 | D:8      | Found Utaur's Weapon Emporium.
 15003 | D:8      | Found Meshrio's Jewellery Emporium.
 15018 | D:8      | Found Vuackuss's Magic Scroll Boutique.
 15120 | D:8      | Found a snail-covered altar of Cheibriados.
 15420 | D:8      | Reached skill level 10 in Hexes
 16581 | D:9      | Reached skill level 1 in Summonings
 16870 | D:9      | Reached skill level 1 in Air Magic
 17079 | D:9      | Reached ** piety under Sif Muna
 17454 | D:9      | Reached skill level 10 in Dodging
 17659 | D:9      | Reached XP level 11. HP: 49/49 MP: 13/19
 18108 | D:9      | Reached skill level 5 in Evocations
 18238 | D:9      | Found a roughly hewn altar of Beogh.
 18391 | D:10     | Entered Level 10 of the Dungeon
 18391 | D:10     | Noticed Maurice
 18719 | D:10     | Reached *** piety under Sif Muna
 18809 | D:10     | Found Yrau's Assorted Antiques.
 18817 | D:10     | Bought a scroll of teleportation for 51 gold pieces
 18829 | D:10     | Noticed Erica
 18876 | D:11     | Noticed a centaur warrior
 20153 | D:10     | Noticed Grum
 20175 | D:10     | Killed Grum
 20290 | D:10     | Killed Erica
 20290 | D:10     | Reached skill level 1 in Invocations
 20396 | D:10     | Found a shattered altar of Ashenzari.
 20614 | D:10     | Killed Maurice
 20745 | D:10     | Found a shimmering blue altar of Sif Muna.
 21157 | Lair:1   | Entered Level 1 of the Lair of Beasts
 23513 | Lair:2   | Found a blossoming altar of Fedhas.
 23516 | Lair:2   | Reached skill level 5 in Summonings
 23936 | Lair:2   | Reached **** piety under Sif Muna
 23950 | Lair:2   | Mangled by a black mamba
 23951 | Lair:2   | Reached XP level 10. HP: -8/46 MP: 2/20
 24110 | Lair:2   | Killed a black mamba
 24309 | Lair:2   | Reached XP level 11. HP: 49/49 MP: 12/21
 25101 | Lair:3   | Noticed a death yak
 25103 | Lair:3   | Noticed a death yak
 25111 | Lair:3   | Noticed a death yak
 25120 | Lair:3   | Noticed a death yak
 25121 | Lair:3   | Noticed a death yak
 25162 | Lair:2   | Killed a death yak
 25395 | Lair:3   | Reached skill level 5 in Air Magic
 25628 | Lair:3   | Noticed Rupert
 25775 | Lair:3   | Found a staircase to the Snake Pit.
 25792 | Lair:3   | Noticed an oklob plant
 26163 | Lair:3   | Noticed a death yak
 26177 | Lair:3   | Noticed a death yak
 26202 | Lair:3   | Noticed a death yak
 26207 | Lair:3   | Killed a death yak
 26230 | Lair:3   | Killed a death yak
 26230 | Lair:3   | Reached skill level 5 in Invocations
 26448 | Lair:3   | Paralysed by Rupert for 3 turns
 26463 | Lair:3   | Mangled by Rupert
 26464 | Lair:3   | Reached XP level 10. HP: -13/46 MP: 9/21
 26804 | Lair:3   | Paralysed by Rupert for 7 turns
 26822 | Lair:3   | Paralysed by Rupert for 6 turns
 26826 | Lair:3   | Slain by a death yak

Levels and vault maps discovered:
D:1:      zaba_arrival_water, layout_basic
D:2:      layout_rooms, uniq_terence
D:3:      minmay_door_path, layout_loops_corners, first_ration,
          kennysheep_generic_room_7
D:4:      minmay_polygon_palace, layout_loops_cross, serial_shops,
          kennysheep_little_box
D:5:      layout_gridville, hangedman_decor_clover_reticule, uniq_sigmund,
          uniq_edmund
D:6:      layout_layer_cave, lemuel_crystal_altar, serial_shops, shop,
          nemelex_xobeh_ov_fountains_minmay, uniq_pikel, uniq_menkaure
D:7:      layout_basic, overflow_temple_1_default,
          minmay_temple_entry_enclosed_plants
D:8:      layout_basic, marbit_many_paths, lair_entry_dummy, serial_shops, shop,
          nicolae_shop_window_shopping, shop, shop, nicolae_shop_waterfront,
          grunt_ogre_cave, fedhas_ov_isle_minmay, uniq_harold, uniq_gastronok
D:9:      layout_loops_ring, special_room [special_room_orc]
D:10:     layout_irregular_city, basic_altar, serial_shops, shop,
          enter_bailey_2, led_sif_book, uniq_maurice, uniq_grum, uniq_erica
D:11:     layout_irregular_city
Temple:   eino_narrow_crystal_temple
Lair:1:   layout_gridlike, wad_woods_02
Lair:2:   layout_regular_city, basic_altar, chequers_serial_rivers_room_b,
          grunt_megastairs_5
Lair:3:   layout_cave_pods, guppyfry_snake_entry_garden,
          minmay_lair_oklob_bushes, uniq_rupert

Skill      XL: |  1  2  3  4  5  6  7  8  9 10 11 |
---------------+----------------------------------+-----
Stealth        | 3 4 5 7 8 |  8.0
Conjurations   | 4 5 6 7 8 |  8.0
Hexes          | 1 2 3 4 5 7 9 10 | 10.0
Dodging        | 3 4 5 7 9 10 | 10.9
Spellcasting   | 3 4 5 7 6 |  7.0
Fighting       | 2 4 5 6 |  6.3
Evocations     | 3 4 5 |  5.4
Summonings     | 2 6 |  6.0
Air Magic      | 1 5 |  5.4
Invocations    | 4 5 |  5.0

Action                   |  1- 3 |  4- 6 |  7- 9 | 10-12 || total
-------------------------+-------+-------+-------+-------++-------
Melee: Unarmed           |     7 |    11 |     5 |    60 ||    83
       Bite              |     1 |     1 |       |     9 ||    11
 Cast: Magic Dart        |    70 |   122 |    56 |   101 ||   349
       Searing Ray       |     7 |    34 |    40 |   122 ||   203
       Fulminant Prism   |       |     2 |    47 |   131 ||   180
       Confuse           |       |       |       |    13 ||    13
       Dazzling Spray    |       |       |       |     1 ||     1
       Summon Lightning  |       |       |       |     1 ||     1
Invok: Channel Magic     |       |       |       |     1 ||     1
Evoke: Wand              |       |       |     4 |    20 ||    24
  Use: Potion            |     3 |       |       |     2 ||     5
       Scroll            |       |     6 |     4 |     7 ||    17
 Stab: Sleeping          |       |     1 |     1 |     1 ||     3
       Confused          |       |       |       |     6 ||     6
       Paralysed         |       |       |       |     2 ||     2
  Eat: Chunk             |     8 |    12 |    18 |    49 ||    87
Armor: Skin              |     3 |     1 |     4 |     6 ||    14
Dodge: Dodged            |    62 |    37 |    84 |   326 ||   509
